[Event "Team 45 45 League T69"]
[Site "Internet Chess Club"]
[Date "2016.07.17"]
[Round "6"]
[White "Rbug"]
[Black "stantheman59"]
[Result "0-1"]
[WhiteElo "1054"]
[BlackElo "1157"]
[Opening "Sicilian: Hungarian variation"]
[ECO "B27"]
[Time "20:03:52"]
[TimeControl "2700+45"]

1. e4 c5 2. Nf3 g6 3. Bc4 e6 4. Nc3 Nc6 5. b3 Bg7 6. Bb2 a6 7. O-O d5 8. exd5
exd5 9. Re1+ Be6 10. Bxd5 Nd4 11. Nxd4 Bxd4 12. Bxb7 Ra7 13. Bc6+ Kf8 14. d3 Nf6
15. h3 Kg7 16. Qc1 Qb6 17. Bf3 c4 18. dxc4 Bxf2+ 19. Kf1 Bxe1 20. Qxe1 Re8 21.
Ne4 Bf5 22. Rd1 Re6 23. Bd4 Qb7 24. Bxa7 Qxa7 25. Qc3 Bxe4 26. Bxe4 Rxe4 27. g4
Rf4+ 28. Ke1 Qf2# {White checkmated} 0-1

[Event "Team 45 45 League T69"]
[Site "Internet Chess Club"]
[Date "2016.07.16"]
[Round "6"]
[White "JJ12"]
[Black "SlimeDog2"]
[Result "1/2-1/2"]
[WhiteElo "2180"]
[BlackElo "2071"]
[Opening "Ruy Lopez: Anderssen variation"]
[ECO "C77"]
[Time "14:00:31"]
[TimeControl "2700+45"]

1. e4 e5 2. Nf3 Nc6 3. Bb5 a6 4. Ba4 Nf6 5. d3 d6 6. Bxc6+ bxc6 7. O-O g6 8. b3
Bg7 9. Bb2 O-O 10. Nbd2 c5 11. Re1 Nh5 12. Nf1 Nf4 13. Ne3 f5 14. a4 Bb7 15. Nd2
Qg5 16. Kh1 Bh6 17. Rg1 fxe4 18. Nxe4 Qe7 19. Ng4 Bg7 20. f3 d5 21. Nd2 Bc8 22.
Ne3 Bh6 23. Qe1 Qg5 24. Nef1 Bg7 25. Qf2 Qe7 26. Re1 Bb7 27. Ne3 e4 28. Bxg7
Qxg7 29. Rgf1 d4 30. Nec4 e3 31. Nxe3 dxe3 32. Qxe3 Qd4 33. Nc4 Qxe3 34. Rxe3
Rae8 35. Rfe1 Rxe3 36. Rxe3 Bc6 37. Kg1 Re8 38. Kf2 Rxe3 39. Nxe3 Kf7 40. Nc4
Kf6 41. g3 Nd5 42. Ke2 g5 43. Nd2 Nb4 44. c3 Na2 45. d4 Nxc3+ 46. Kd3 cxd4 47.
Kxd4 Ne2+ 48. Ke3 Nc1 49. h3 Bd5 50. b4 Bc6 51. a5 Na2 52. Kd4 Bd7 53. Kc5 Bxh3
54. Ne4+ Kg6 55. b5 axb5 56. g4 Bg2 57. Nd2 b4 58. a6 Nc3 59. Kxb4 Nd5+ 60. Kc5
Nb6 61. a7 h5 62. gxh5+ Kxh5 63. Kc6 Na8 64. Kb7 g4 65. Kxa8 gxf3 66. Kb8 f2
{Game drawn by mutual agreement} 1/2-1/2

[Event "Team 45 45 League T69"]
[Site "Internet Chess Club"]
[Date "2016.07.16"]
[Round "6"]
[White "sharky123"]
[Black "xt"]
[Result "0-1"]
[WhiteElo "1863"]
[BlackElo "1826"]
[Opening "Sicilian"]
[ECO "B50"]
[Time "18:04:06"]
[TimeControl "2700+45"]

1. e4 c5 2. Nf3 d6 3. c3 Nf6 4. Be2 Bd7 5. d3 Nc6 6. Be3 e5 7. Nbd2 Be7 8. h3
O-O 9. d4 exd4 10. cxd4 cxd4 11. Nxd4 d5 12. exd5 Nxd5 13. Nc2 Bf6 14. Rb1 Bf5
15. O-O Qe7 16. Kh1 Rfd8 17. Qc1 Bxc2 18. Qxc2 Nxe3 19. fxe3 Nb4 20. Qc1 Qxe3
21. Qc4 Rxd2 22. Qxb4 Qxe2 23. Qxb7 Re8 24. Rbe1 Qxe1 25. Rxe1 Rxe1+ 26. Kh2
Be5# {White checkmated} 0-1

[Event "Team 45 45 League T69"]
[Site "Internet Chess Club"]
[Date "2016.07.17"]
[Round "6"]
[White "passedpawn"]
[Black "Holzschlange"]
[Result "1-0"]
[WhiteElo "1901"]
[BlackElo "1787"]
[Opening "Queen's pawn game"]
[ECO "A46"]
[Time "20:02:05"]
[TimeControl "2700+45"]

1. d4 Nf6 2. Nf3 e6 3. Bf4 d5 4. e3 c5 5. c3 Nc6 6. Nbd2 Nh5 7. Bg5 Be7 8. Bxe7
Qxe7 9. Bb5 Bd7 10. Bxc6 bxc6 11. Ne5 Nf6 12. O-O O-O 13. Qe2 Ne8 14. Qa6 cxd4
15. cxd4 Rc8 16. Qxa7 Rc7 17. Qa5 f6 18. Nd3 e5 19. Qc5 Nd6 20. Rfc1 Bf5 21. Nb4
Be6 22. Nxc6 {Black resigns} 1-0

[Event "Team 45 45 League T69"]
[Site "Internet Chess Club"]
[Date "2016.07.13"]
[Round "6"]
[White "losscause"]
[Black "justice02"]
[Result "1/2-1/2"]
[WhiteElo "1542"]
[BlackElo "1621"]
[Opening "French: exchange variation"]
[ECO "C01"]
[Time "21:08:07"]
[TimeControl "2700+45"]

1. e4 e6 2. d4 d5 3. exd5 exd5 4. Bd3 Bd6 5. Nf3 Ne7 6. Bg5 f6 7. Bh4 Nf5 8.
Qe2+ Qe7 9. O-O Qxe2 10. Bxe2 Nxh4 11. Nxh4 O-O 12. Nd2 Nc6 13. c3 Bd7 14. Rfe1
Rae8 15. Bd3 g6 16. Nhf3 Ne7 17. Nb3 b6 18. Nbd2 a5 19. Re2 Bf5 20. Bxf5 Nxf5
21. Rae1 Rxe2 22. Rxe2 Kf7 23. g3 Re8 24. Kf1 Rxe2 {Game drawn by mutual
agreement} 1/2-1/2

[Event "Team 45 45 League T69"]
[Site "Internet Chess Club"]
[Date "2016.07.15"]
[Round "6"]
[White "Capt-Morgan"]
[Black "LittleButton"]
[Result "1-0"]
[WhiteElo "1921"]
[BlackElo "1827"]
[Opening "QGD: Janowski variation"]
[ECO "D31"]
[Time "17:04:16"]
[TimeControl "2700+45"]

1. d4 d5 2. c4 e6 3. Nc3 a6 4. e4 dxe4 5. Nxe4 Bb4+ 6. Nc3 c5 7. Be3 cxd4 8.
Qxd4 Qxd4 9. Bxd4 Nf6 10. a3 Be7 11. Nf3 Nc6 12. Bb6 Nd7 13. Bc7 b6 14. O-O-O
Bb7 15. Bd3 Rc8 16. Bf4 O-O 17. Bxh7+ Kxh7 18. Rxd7 Ba8 19. Bc7 Bc5 20. Ne4 Nb8
21. Bxb8 Bxe4 22. Ng5+ Kg8 23. Nxe4 Rxb8 24. Nxc5 bxc5 25. Rhd1 Rfc8 26. R1d6
Rb3 27. Kc2 Rcb8 28. Rd8+ {Black resigns} 1-0

[Event "Team 45 45 League T69"]
[Site "Internet Chess Club"]
[Date "2016.07.16"]
[Round "6"]
[White "hudson"]
[Black "PolishRyszard"]
[Result "1/2-1/2"]
[WhiteElo "1741"]
[BlackElo "1813"]
[Opening "Sicilian: Alapin's variation (2.c3)"]
[ECO "B22"]
[Time "11:04:05"]
[TimeControl "2700+45"]

1. e4 c5 2. c3 Nf6 3. e5 Nd5 4. d4 cxd4 5. cxd4 d6 6. Nf3 Nc6 7. Bc4 Nb6 8. Bb3
dxe5 9. Nxe5 Nxe5 10. dxe5 Qxd1+ 11. Bxd1 Bd7 12. Nc3 e6 13. Bf3 Bc6 14. Bxc6+
bxc6 15. O-O Be7 16. Rd1 O-O 17. b3 Rfd8 18. Be3 Nd5 19. Nxd5 cxd5 20. Rac1 Ba3
21. Rc7 a5 22. Bc5 Bb2 23. Bd6 f6 24. f4 Rdc8 25. g3 Rxc7 26. Bxc7 Kf7 27. Rd2
Bc3 28. Rc2 d4 29. Kf1 a4 30. bxa4 Rxa4 31. Ke2 Kg6 32. Kd3 Kf5 33. exf6 gxf6
34. Re2 h5 35. h3 Ra6 36. Bb8 Rc6 37. a4 Ra6 38. Ra2 Kg6 39. g4 hxg4 40. hxg4
Kf7 41. Bc7 Rc6 {Game drawn by mutual agreement} 1/2-1/2

[Event "Team 45 45 League T69"]
[Site "Internet Chess Club"]
[Date "2016.07.14"]
[Round "6"]
[White "Bleddyn"]
[Black "LazyPeon"]
[Result "0-1"]
[WhiteElo "1577"]
[BlackElo "1692"]
[Opening "King's Indian: London system"]
[ECO "A45"]
[Time "14:00:30"]
[TimeControl "2700+45"]

1. d4 Nf6 2. Bf4 g6 3. Nf3 Bg7 4. e3 d6 5. h3 O-O 6. Be2 c5 7. c3 b6 8. O-O Nbd7
9. a4 Bb7 10. Nbd2 Re8 11. Bh2 e5 12. Nc4 Ne4 13. dxe5 Nxe5 14. Nfxe5 dxe5 15.
Qxd8 Raxd8 16. Rad1 f6 17. f3 Ng5 18. Nd6 Re7 19. Bc4+ Kf8 20. Nxb7 Rxd1 21.
Rxd1 Rxb7 22. Rd8+ Ke7 23. Rg8 Ne6 24. Bxe6 Kxe6 25. Rd8 Rd7 26. Rxd7 Kxd7 27.
e4 c4 28. Kf2 Bh6 29. Ke2 Bc1 30. Kd1 Bxb2 31. Kc2 Ba3 32. a5 Bc5 33. axb6 axb6
34. f4 Bd6 35. fxe5 Bxe5 36. Bg1 b5 37. Bc5 f5 38. exf5 gxf5 39. Kd2 Kc6 40. Bf8
Kd5 41. Bb4 Ke4 42. Ke2 h5 43. Ba5 Bd6 44. g4 fxg4 45. hxg4 hxg4 {White resigns}
0-1

[Event "Team 45 45 League T69"]
[Site "Internet Chess Club"]
[Date "2016.07.15"]
[Round "6"]
[White "Rhel"]
[Black "idjit"]
[Result "1-0"]
[WhiteElo "1715"]
[BlackElo "1504"]
[Opening "Bogo-Indian defense"]
[ECO "E11"]
[Time "15:00:20"]
[TimeControl "2700+45"]

1. d4 Nf6 2. c4 e6 3. Nf3 Bb4+ 4. Bd2 c5 5. Bxb4 cxb4 6. g3 d6 7. Bg2 O-O 8. O-O
a5 9. Nbd2 Re8 10. a3 Na6 11. Qc2 e5 12. e3 exd4 13. Nxd4 bxa3 14. bxa3 Nc5 15.
N2b3 Nfe4 16. Nxc5 Nxc5 17. Rfd1 Ra6 18. Rab1 g6 19. Bd5 Qf6 20. Qd2 Ne4 21.
Bxe4 Rxe4 22. Rb5 Rxd4 23. exd4 Bg4 24. Re1 Qf3 25. Re3 Qc6 26. Qc3 d5 27. Rc5
Qa4 28. Rxd5 Bh3 29. Rd8+ Kg7 30. d5+ Kh6 31. Rg8 Rb6 32. Qg7+ Kg5 33. Qe5+ f5
34. Qf4+ Kf6 35. Qe5+ Kg5 36. Qf4+ Kf6 37. Qd4+ Kg5 38. Qh4# {Black checkmated}
1-0